 Dungeon Crawl Stone Soup version 0.29.0-11-gd7f09526c8 (webtiles) character file.

Game seed: 14245523871129490732

5 SomeFlowers the Trooper (level 1, 0/10 HPs)
             Began as a Felid Cinder Acolyte on Sept 3, 2022.
             Was a High Priest of Ignis.
             Constricted to death by a ball python (1 damage)
             ... on level 1 of the Dungeon.
             The game lasted 00:00:25 (333 turns).

SomeFlowers the Trooper (Felid Cinder Acolyte)       Turns: 333, Time: 00:00:26

Health: 0/10       AC:  1    Str: 10    XL:     1   Next: 66%
Magic:  3/3        EV: 12    Int: 15    God:    Ignis [*****.]
Gold:   13         SH:  0    Dex: 11    Spells: 2/2 levels left
                                        Lives:  0   Deaths: 0

rFire   + . .      SeeInvis +     - Unarmed
rCold   . . .      Faith    .   (shield unavailable)
rNeg    . . .      Spirit   .   (body armour unavailable)
rPois   .          Reflect  .   (helmet unavailable)
rElec   .          Harm     .   (cloak unavailable)
rCorr   .          Rampage  .   (gloves unavailable)
Will    .....                   (boots unavailable)
Stlth   +.........              (no amulet)
HPRegen 0.03/turn               (no ring)
MPRegen 0.08/turn               (no ring)

@: constricted, quick
A: very small, claws 1, fangs 3, see invisible, speed 1, shaggy fur 1, stealthy
paws, no weapons or thrown items, no armour, multi-lived
a: Renounce Religion, Fiery Armour, Foxfire Swarm, Rising Flame


You were on level 1 of the Dungeon.
You worshipped Ignis.
Ignis was extremely pleased with you.
You visited 1 branch of the dungeon, and saw 1 of its levels.

You collected 13 gold pieces.

Inventory:

Scrolls
 b - a scroll of fog {unknown}
 c - a scroll of silence {unknown}
Potions
 a - 2 potions of brilliance {unknown}


   Skills:
 - Level 3.1 Fighting
 + Level 3.1 Unarmed Combat
 - Level 1.0 Spellcasting
 + Level 2.7 Fire Magic


You had 2 spell levels left.
You didn't know any spells.
Your spell library contained the following spells:

 Spells                   Type           Power      Damage    Failure   Level
 Scorch                   Fire           18%        2d5       12%         2
 Magic Dart               Conj           0%         1d3       24%         1
 Call Imp                 Summ           0%         N/A       36%         2
 Mephitic Cloud           Conj/Pois/Air  0%         N/A       58%         3


Dungeon Overview and Level Annotations

Branches:
Dungeon (1/15)

Altars:


Innate Abilities, Weirdness & Mutations

You have sharp claws.
You have razor-sharp teeth.
You have supernaturally acute eyesight. (SInv)
You cover ground quickly. (Speed+)
You are covered in fur. (AC +1)
Your paws help you pounce on unaware monsters.
You are incapable of wielding weapons or throwing items.
You cannot wear armour.
You gain extra lives every three experience levels.


Message History

A rat comes into view.
You see here a scroll labelled NYZOOR OLUKHLA.
You see here a yellow potion.
You claw the rat!
You kill the rat!
You see here a rat corpse.
You see here a rat corpse.
a - a yellow potion
b - a scroll labelled NYZOOR OLUKHLA You pick up a book of Minor Magic and begin reading...
You add the spells Magic Dart, Call Imp and Mephitic Cloud to your library.
a - 2 yellow potions (gained 1)
A frilled lizard and a ball python come into view.
The frilled lizard hisses angrily.
There are monsters nearby!
There are monsters nearby!
The ball python hisses angrily.
You see here a scroll labelled IFIPYOZXEU.
c - a scroll labelled IFIPYOZXEU
Found a small opal ring.
You closely miss the frilled lizard. The frilled lizard closely misses you.
The ball python barely misses you. x2
You barely miss the ball python. Your bite misses the ball python.
The frilled lizard barely misses you. The ball python bites you.
The ball python barely misses you.
You barely miss the frilled lizard. The frilled lizard misses you.
The ball python bites you. The ball python grabs you.
The ball python constricts you.
You closely miss the ball python. Your claw misses the ball python.
The frilled lizard misses you. The ball python barely misses you.
The ball python constricts you.
You scratch the frilled lizard.
You kill the frilled lizard!
The ball python bites you.
* * * LOW HITPOINT WARNING * * *
The ball python constricts you.
* * * LOW HITPOINT WARNING * * *
You barely miss the ball python. The ball python barely misses you.
The ball python constricts you.
You die...

####### #.....#
#.....# ####.....#
........# #......#
#.†...# #.S@.=#
##..#############.
#.................
#.....................
##....######...#####
#.... ###.### #....
#...# #.... ###.## #
####. #..### .#


You could see a ball python.

Vanquished Creatures
  A ball python (D:1)
  A bat (D:1)
  3 frilled lizards (D:1)
  A rat (D:1)
6 creatures vanquished.

Notes
Turn   | Place    | Note
-------+----------+-------------------------------------------
     0 | D:1      | SomeFlowers the Felid Cinder Acolyte began the quest for
                  | the Orb.
     0 | D:1      | Reached XP level 1. HP: 10/10 MP: 3/3
   333 | D:1      | Constricted to death by a ball python

Illustrated notes

Levels and vault maps discovered:
D:1:      wander_arrival_abandoned_jail, layout_basic

Action                   || total
-------------------------++-------
Melee: Unarmed           ||    13
       Bite              ||     1
Armor: Skin              ||     1
Dodge: Dodged            ||    14
